 Dungeon Crawl Stone Soup version 0.30-a0-800-g7c544603b3 (webtiles) character file.

Game seed: 8286052217836596526

98 mistaj the Trooper (level 4, 0/24 HPs)
             Began as a Vine Stalker Fighter on Feb 22, 2023.
             Slain by Grinder (2 damage)
             ... on level 3 of the Dungeon.
             The game lasted 00:02:22 (1674 turns).

mistaj the Trooper (Vine Stalker Fighter)           Turns: 1674, Time: 00:02:23

Health: 0/24       AC:  6    Str: 20    XL:     4   Next: 71%
Magic:  0/5        EV:  9    Int:  8    God:
Gold:   183        SH:  5    Dex: 14    Spells: 3/3 levels left

rFire   . . .      SeeInvis .    a - +0 war axe
rCold   . . .      Faith    .    c - +0 buckler
rNeg    . . .      Spirit   +    b - +0 scale mail
rPois   .          Reflect  .    (no helmet)
rElec   .          Harm     .    (no cloak)
rCorr   .          Rampage  .    (no gloves)
Will    .....                    (no boots) Stlth
                                 (no amulet)
HPRegen 1.04/turn                (no ring)
MPRegen 0.09/turn                (no ring)

@: no status effects
A: fangs 2, regeneration 1, magic shield, antimagic bite, no potion heal 2
a: no special abilities


You were on level 3 of the Dungeon.
You visited 1 branch of the dungeon, and saw 3 of its levels.

You collected 183 gold pieces.

Inventory:

Hand Weapons
 a - a +0 war axe (weapon)
Missiles
 h - a throwing net (quivered)
Armour
 b - a +0 scale mail (worn)
 c - a +0 buckler (worn)
Scrolls
 i - a scroll of immolation {unknown}
 l - 2 scrolls of enchant armour {unknown}
 m - 4 scrolls of identify {unknown}
 o - a scroll of noise {unknown}
 p - a scroll of silence {unknown}
 q - a scroll of amnesia {unknown}
Potions
 d - 2 potions of might
 e - 2 potions of haste {unknown}
 f - 3 potions of heal wounds {unknown}
 g - a potion of attraction {unknown}
 j - a potion of mutation {unknown}
 k - 2 potions of cancellation {unknown}
 n - a potion of resistance


   Skills:
 + Level 3.5 Fighting
 + Level 2.8 Axes
 - Level 2.4 Armour
 + Level 3.5 Shields


You had 3 spell levels left.
You didn't know any spells.
Your spell library contained the following spells:

 Spells                   Type           Power      Damage    Failure   Level
 Gell's Gravitas          Tloc           0%         N/A       99%         3
 Teleport Other           Tloc           0%         N/A       99%         3
 Dispersal                Tloc           0%         N/A       100%        6


Dungeon Overview and Level Annotations

Branches:
Dungeon (3/15)

Altars:
Qazlal
Uskayaw

Annotations:
D:3 Grinder


Innate Abilities, Weirdness & Mutations

You have extremely sharp teeth.
Your natural rate of healing is unusually fast.
When hurt, damage is shared between your health and your magic reserves.
Your bite disrupts and absorbs the magic of your enemies.
Potions cannot restore your health.


Message History

Grinder gestures at you.
You struggle to resist.
Grinder gestures at you. You resist with significant effort.
You slash Grinder! Your bite misses Grinder.
Grinder is moderately wounded.
Grinder says, "Mostly I couldn't keep them alive."
You block Grinder's attack. Grinder barely misses you.
You hit Grinder.
Grinder is moderately wounded.
Grinder hits you.
You writhe in agony.
You hit Grinder but do no damage.
Grinder is moderately wounded.
Grinder hits you but does no damage. Grinder gestures at you.
You suddenly lose the ability to move!
Grinder gestures at you.
You shrug off the repeated paralysis!
Grinder hits you. x2
You writhe in agony.
You can move again.
You barely miss Grinder. You bite Grinder.
Grinder's magic leaks into the air.
You drain her magic.
You feel invigorated.
Grinder is moderately wounded.
Grinder hits you but does no damage.
You hit Grinder. Your bite misses Grinder.
Grinder is heavily wounded.
Grinder hits you.
You writhe in agony.
Grinder gestures at you. You resist with significant effort.
You slash Grinder! Your bite misses Grinder.
Grinder is severely wounded.
Grinder's magic is no longer disrupted.
Grinder hits you.
You writhe in agony.
* * * LOW HITPOINT WARNING * * *
You hit Grinder but do no damage. Your bite misses Grinder.
Grinder is severely wounded.
Grinder hits you!
* * * LOW HITPOINT WARNING * * *
You writhe in agony.
You die...

####.#..#
#.#.#
#....###.#.#
###....#.#.#
####>....#
###.### #.#
#.#
########.#
......5@.#
##########


You could see Grinder.

Vanquished Creatures
  4 adders
  A dart slug (D:1)
  7 endoplasms
  A giant cockroach (D:2)
  3 goblins
  7 jackals (D:1)
  A quokka (D:1)
  8 ball pythons
  A bat (D:2)
  4 frilled lizards
  10 kobolds
  13 rats
60 creatures vanquished.

Notes
Turn   | Place    | Note
-------+----------+-------------------------------------------
     0 | D:1      | mistaj the Vine Stalker Fighter began the quest for the
                  | Orb.
     0 | D:1      | Reached XP level 1. HP: 11/11 MP: 2/2
   155 | D:1      | Reached XP level 2. HP: 14/16 MP: 1/3
   360 | D:1      | Reached XP level 3. HP: 19/20 MP: 4/4
   806 | D:2      | Found a hide-covered altar of Uskayaw.
  1016 | D:2      | Gained mutation: Your natural rate of healing is unusually
                  | fast. [Vine Stalker growth]
  1016 | D:2      | Reached XP level 4. HP: 24/24 MP: 5/5
  1231 | D:2      | Identified the +4 ring mail of the Freezing Gods {rN+
                  | Str+2}
  1487 | D:3      | Found a stormy altar of Qazlal.
  1663 | D:3      | Noticed Grinder
  1667 | D:3      | Paralysed by Grinder for 4 turns
  1674 | D:3      | Slain by Grinder

Illustrated notes

Levels and vault maps discovered:
D:1:      amcnicky_arrival_choice, layout_rooms, minmay_rat_gold_closets
D:2:      layout_loops_cross, basic_altar
D:3:      layout_basic, nicolae_qazlal_eye_of_the_storm, roderic_lattice_a,
          nicolae_kite_square_tiling_tiny, uniq_grinder, uniq_sigmund,
          uniq_terence, uniq_pargi

Skill      XL: |  1  2 |
---------------+-------+-----
Axes           | 2 |  2.8
Shields        | 3 |  3.5
Fighting       | 3 |  3.5
Armour         | |  2.4

Action                     |  1- 3 |  4- 6 || total
---------------------------+-------+-------++-------
  Melee: War axe           |   107 |    35 ||   142
         Bite              |    23 |     3 ||    26
 Armour: Scale mail        |    50 |    22 ||    72
  Dodge: Dodged            |    58 |    16 ||    74
  Block: Buckler           |    24 |     8 ||    32

Table legend: (Time is in decaauts)
 A = Elapsed time spent in this place.
 B = Non-inter-level travel time spent in this place.
 C = Inter-level travel time spent in this place.
 D = Time resting spent in this place.
 E = Time spent auto-exploring this place.
 F = Levels seen in this place.
 G = Mean time per level.
                   A        B        C        D        E       F      G
               +--------+--------+--------+--------+--------+-----+--------+
         Total |   1732 |   1667 |     65 |    171 |   1061 |   3 |  577.3 |
       Dungeon |   1732 |   1667 |     65 |    171 |   1061 |   3 |  577.3 |
               +--------+--------+--------+--------+--------+-----+--------+

Top non-repeatable levels by time:
     D:1: 759 daAuts
     D:2: 717 daAuts
     D:3: 256 daAuts
